 Dungeon Crawl Stone Soup version 0.30-a0-29-g142975f185 (webtiles) character file.

Game seed: 9457208107403930967

2543 Flugkiller the Cleaver (level 9, 0/81 HPs)
             Began as a Minotaur Fighter on Aug 25, 2022.
             Was an Elder of Uskayaw.
             Slain by Duvessa
             ... wielding a +0 rapier
              (11 damage)
             ... on level 7 of the Dungeon.
             The game lasted 00:03:04 (7603 turns).

Flugkiller the Cleaver (Minotaur Fighter)           Turns: 7603, Time: 00:03:04

Health: 0/81       AC: 13    Str: 20    XL:     9   Next: 30%
Magic:  11/11      EV:  7    Int:  5    God:    Uskayaw [****..]
Gold:   299        SH:  5    Dex: 15    Spells: 8/8 levels left

rFire   + . .      SeeInvis .    a - +0 war axe
rCold   . . .      Faith    .    c - +0 buckler
rNeg    . . .      Spirit   .    h - +0 chain mail
rPois   .          Reflect  .    (helmet restricted)
rElec   .          Harm     .    (no cloak)
rCorr   +          Rampage  .    v - +1 pair of gloves
Will    .....                    (no boots)
Stlth   ..........               (no amulet)
HPRegen 0.23/turn                f - ring of protection from fire
MPRegen 0.12/turn                k - ring of resist corrosion

@: mighty
A: horns 2, retaliatory headbutt
a: Renounce Religion, Stomp, Line Pass


You were on level 7 of the Dungeon.
You worshipped Uskayaw.
Uskayaw was noncommittal.
You visited 1 branch of the dungeon, and saw 7 of its levels.
You also visited: Sewer.

You collected 359 gold pieces.
You spent 60 gold pieces at shops.

Inventory:

Hand Weapons
 a - a +0 war axe (weapon)
Missiles
 x - 2 throwing nets (quivered)
Armour
 b - a +0 scale mail
 c - a +0 buckler (worn)
 h - a +0 chain mail (worn)
   (You found it on level 1 of the Dungeon)
 v - a +1 pair of gloves (worn)
   (You found it on level 4 of the Dungeon)
Jewellery
 f - a ring of protection from fire (left hand)
   (You found it on level 3 of the Dungeon)
 k - a ring of resist corrosion (right hand)
   (You found it on level 2 of the Dungeon)
 s - a +6 ring of intelligence
   (You found it on level 3 of the Dungeon)
Scrolls
 g - a scroll of immolation {unknown}
 i - 2 scrolls of vulnerability {unknown}
 j - 2 scrolls of magic mapping {unknown}
 l - 2 scrolls of noise {unknown}
 n - 3 scrolls of enchant armour {unknown}
 o - a scroll of enchant weapon {unknown}
 r - 2 scrolls of butterflies {unknown}
 t - 6 scrolls of teleportation
 u - 3 scrolls of identify {unknown}
Potions
 e - 3 potions of brilliance {unknown}
 m - 2 potions of attraction {unknown}
 p - 3 potions of cancellation {unknown}
 q - 5 potions of curing
 w - a potion of heal wounds {unknown}
 z - 2 potions of mutation {unknown}
 A - a potion of haste {unknown}
 B - a potion of flight {unknown}
 C - a potion of lignification {unknown}


   Skills:
 + Level 8.0 Fighting
 * Level 10.4 Axes
 + Level 7.9 Armour
 - Level 3.6 Shields
 + Level 4.0 Invocations


You had 8 spell levels left.
You didn't know any spells.
Your spell library was empty.

Dungeon Overview and Level Annotations

Branches:
Dungeon (7/15)             Temple (0/1) D:7           Sewer (visited)

Altars:
Fedhas
Makhleb
Nemelex Xobeh
Trog
Uskayaw
Vehumet
Wu Jian
Xom

Shops:
D:2 !

Annotations:
D:3 exclusion: oklob plant
D:7 Duvessa


Innate Abilities, Weirdness & Mutations

You have a pair of horns on your head.
You reflexively headbutt those who attack you in melee.


Message History

Grinder gestures at you.
You suddenly lose the ability to move!
You can move again.
You can no longer pass through a line of other dancers.
You slash Grinder!
You kill Grinder!
You can now pass through a line of other dancers.
No target in view!
Done exploring.
Done exploring.
Done exploring.
Done exploring.
No target in view!
(D) Dungeon
Where to? (Enter - D:6, ? - help)
There is a stone staircase leading down here.
You climb downwards.
You hear the roar of battle.
There is an entrance to a bailey on this level.
Hurry and find it before the portal closes forever!
Found a stone staircase leading down and a stone staircase leading up.
There is a stone staircase leading up here.
Found a scale mail.
l - 2 scrolls labelled FOUBRAJ KUCU (gained 1)
Found an escape hatch in the floor.
Found a staircase to the Ecumenical Temple.
You now have 284 gold pieces (gained 9).
No target in view!
No target in view!
No target in view!
No target in view!
There is an escape hatch in the floor here.
i - 2 scrolls labelled YMUEMO YCIREUXT (gained 1)
You hear the faint creaking of a portcullis nearby.
You now have 299 gold pieces (gained 15).
Duvessa and Dowan come into view.
Duvessa shouts!
Dowan shouts!
Duvessa moves out of view.
Dowan is nearby!
Dowan is nearby!
A howler monkey comes into view.
Found a glowing mace.
Found a stone staircase leading down.
The howler monkey howls!
Duvessa closely misses you.
You hit Duvessa. You headbutt Duvessa, but do no damage.
Duvessa is lightly wounded.
You block Duvessa's attack.
You slash Duvessa!
Duvessa is moderately wounded.
You slash Dowan! You block Duvessa's attack. Dowan hits you but does no damage.
You slash Dowan!
You kill Dowan!
Duvessa weeps, and shakes her weapon.
Duvessa goes berserk!
You hit Duvessa. Duvessa hits you with a +0 rapier.
The howler monkey hoots and howls with incredible vigour!
You can now pass through a line of other dancers.
Your Fighting skill increases to level 8!
Your Invocations skill increases to level 4!
You hit Duvessa but do no damage.
Duvessa is moderately wounded.
Duvessa completely misses you. Duvessa hits you with a +0 rapier!
You hit Duvessa. Your headbutt misses Duvessa.
Duvessa is heavily wounded.
You hit the howler monkey but do no damage.
Duvessa hits you with a +0 rapier. The howler monkey closely misses you.
You slash Duvessa!
Duvessa is severely wounded.
You hit the howler monkey. You block Duvessa's attack.
The howler monkey hits you. Duvessa hits you with a +0 rapier.
The howler monkey hits you.
Uskayaw will force your foes to helplessly watch your dance.
Uskayaw prepares the audience for your solo!
The helpless Duvessa fails to defend herself.
You hit Duvessa but do no damage.
Duvessa is severely wounded.
The helpless howler monkey fails to defend itself.
You hit the howler monkey.
Duvessa is no longer paralysed.
Duvessa hits you with a +0 rapier!
The helpless howler monkey fails to defend itself.
You slash the howler monkey!
The howler monkey is almost dead.
You hit Duvessa but do no damage.
The howler monkey is no longer paralysed.
Duvessa hits you with a +0 rapier. The howler monkey barely misses you.
You furiously retaliate!
You headbutt the howler monkey.
You kill the howler monkey!
Duvessa hits you with a +0 rapier!
* * * LOW HITPOINT WARNING * * *
You are too injured to fight recklessly!
You hit Duvessa.
Duvessa is severely wounded.
Duvessa hits you with a +0 rapier!
* * * LOW HITPOINT WARNING * * *
Duvessa barely misses you.
Uskayaw will force your foes to share their pain.
You feel very mighty all of a sudden. You block Duvessa's attack.
You hit Duvessa.
Duvessa is severely wounded.
You block Duvessa's attack. Duvessa hits you with a +0 rapier!
You die...

#..... #...... >......
..).... ....... ######
.......
.....############.......
................@)......
.....############e......
.....# ....... ..####
....... ..# ....... ..#
....... ..# #...... #.#
#..... #.#


You could see Duvessa (berserk).

Vanquished Creatures
  Prince Ribbit (D:6)
  Grinder (D:6)
  A water moccasin (D:5)
  2 black bears
  An ogre (D:5)
  A centaur (D:6)
  3 kobold brigands (Sewer)
  A bullfrog (D:6)
  2 scorpions
  3 necrophages
  Dowan (D:7)
  A howler monkey (D:7)
  2 jellies
  3 orc priests
  3 hounds (D:5)
  A gnoll bouda (D:5)
  Jessica (D:2)
  Natasha (thrice) (D:2)
  5 orc wizards
  3 iguanas
  A hound skeleton (D:5)
  Robin (D:2)
  11 adders
  17 gnolls
  A river rat (Sewer)
  A shadow imp (D:5)
  2 white imps (D:6)
  An ufetubus (D:5)
  8 worms
  3 dart slugs
  11 orcs
  8 ball pythons
  15 endoplasms
  5 giant cockroaches
  8 hobgoblins
  3 jackals (D:5)
  6 quokkas
  4 bats
  6 frilled lizards
  14 goblins
  10 kobolds
  7 rats
182 creatures vanquished.

Vanquished Creatures (others)
  A plant (D:3)
  17 toadstools (D:3)
18 creatures vanquished.

Grand Total: 200 creatures vanquished

Notes
Turn   | Place    | Note
-------+----------+-------------------------------------------
     0 | D:1      | Flugkiller the Minotaur Fighter began the quest for the
                  | Orb.
     0 | D:1      | Reached XP level 1. HP: 19/19 MP: 0/0
    88 | D:1      | Found a faded altar of an unknown god.
   222 | D:1      | Reached skill level 3 in Axes
   222 | D:1      | Reached XP level 2. HP: 27/27 MP: 1/1
   855 | D:2      | Noticed Jessica
   861 | D:2      | Reached XP level 3. HP: 33/33 MP: 2/2
   865 | D:2      | Killed Jessica
   867 | D:2      | Reached skill level 4 in Axes
   919 | D:2      | Found Toibruun's Distillery.
   924 | D:2      | Bought 2 potions of curing for 60 gold pieces
   952 | D:2      | Noticed Natasha
   953 | D:2      | Noticed Robin
   961 | D:2      | Reached XP level 4. HP: 16/40 MP: 3/3
  1219 | D:2      | Killed Natasha
  1224 | D:2      | Killed Robin
  1402 | D:2      | Noticed Natasha
  1408 | D:2      | Killed Natasha
  1409 | D:2      | Reached XP level 5. HP: 43/47 MP: 4/4
  1635 | D:2      | Found a sparkling altar of Nemelex Xobeh.
  1716 | D:2      | Noticed Natasha
  1719 | D:2      | Killed Natasha
  1720 | D:2      | Reached skill level 5 in Axes
  1988 | D:3      | Found a glowing drain.
  2014 | Sewer    | Entered a sewer
  2183 | Sewer    | Reached skill level 5 in Fighting
  2183 | Sewer    | Reached skill level 5 in Armour
  2183 | Sewer    | Reached XP level 6. HP: 28/56 MP: 5/5
  2832 | Sewer    | Reached skill level 6 in Axes
  3436 | D:3      | Reached XP level 7. HP: 50/62 MP: 6/6
  3499 | D:3      | Found a shimmering altar of Xom.
  3502 | D:3      | Found a radiant altar of Vehumet.
  3823 | D:3      | Found a blossoming altar of Fedhas.
  3838 | D:3      | Noticed an oklob plant
  4130 | D:4      | Reached skill level 7 in Axes
  4790 | D:5      | Entered Level 5 of the Dungeon
  4794 | D:5      | Found a hide-covered altar of Uskayaw.
  4909 | D:5      | Became a worshipper of Uskayaw the Reveller
  4927 | D:5      | Reached * piety under Uskayaw
  4984 | D:5      | Reached ** piety under Uskayaw
  4987 | D:5      | Reached *** piety under Uskayaw
  4989 | D:5      | Reached skill level 1 in Invocations
  5129 | D:5      | Found a sparkling altar of Nemelex Xobeh.
  5136 | D:5      | Reached skill level 8 in Axes
  5136 | D:5      | Reached XP level 8. HP: 36/71 MP: 6/8
  5614 | D:5      | Reached **** piety under Uskayaw
  5620 | D:5      | Reached ***** piety under Uskayaw
  5774 | D:5      | Found a bloodstained altar of Trog.
  5823 | D:5      | Found a burning altar of Makhleb.
  5833 | D:5      | Reached skill level 9 in Axes
  6255 | D:6      | Noticed Prince Ribbit
  6775 | D:6      | Killed Prince Ribbit
  6776 | D:6      | Reached XP level 9. HP: 45/79 MP: 10/10
  7030 | D:6      | Found an ornate altar of the Wu Jian Council.
  7149 | D:6      | Reached skill level 10 in Axes
  7420 | D:6      | Noticed Grinder
  7430 | D:6      | Paralysed by Grinder for 3 turns
  7433 | D:6      | Killed Grinder
  7551 | D:7      | Found a staircase to the Ecumenical Temple.
  7590 | D:7      | Noticed Duvessa
  7590 | D:7      | Noticed Dowan
  7595 | D:7      | Killed Dowan
  7603 | D:7      | Slain by Duvessa

Illustrated notes

Levels and vault maps discovered:
D:1:      onia_arrival_pyramid, layout_loops_ring, basic_ecumenical_altar,
          chequers_serial_rivers_marsh
D:2:      layout_loops_cross, basic_altar, serial_shops,
          nicolae_shop_hallway_plus, uniq_robin, uniq_natasha, uniq_jessica
D:3:      kennysheep_big_flooded_room, layout_rooms, tgw_fedhas,
          nicolae_overflow_squiral, cheibrodos_sewer_entry_bend,
          chequers_big_river, nrook_mini_backslash
D:4:      layout_rooms, minivault_14
D:5:      layout_loops_ring, trog_butcher_becter, makhleb_blood_cavern_becter,
          nicolae_overflow_crystal_walls, nemelex_dance_club_becter,
          hangedman_decor_growths
D:6:      layout_basic, nzn_wu_jian_contemplation, serial_glass,
          glass_columns_a, glass_columns_b, glass_columns_b, glass_columns_a,
          glass_columns_b, glass_columns_a,
          nicolae_concentric_dashed_squares_wild, amcnicky_mini_pool_small,
          dreamdust_wishing_well, uniq_prince_ribbit1, uniq_grinder
D:7:      layout_rooms, mainiacjoe_overflow_small_starburst,
          kennysheep_mini_moat, temple_pool_b, enter_bailey_8, uniq_duvessa

Skill      XL: |  1  2  3  4  5  6  7  8  9 |
---------------+----------------------------+-----
Axes           | 3 4 5 6 8 9 10 | 10.4
Fighting       | 4 5 6 7 8 |  8.0
Armour         | 4 5 6 7 |  7.9
Invocations    | 1 3 4 |  4.0
Shields        | |  3.6

Action                   |  1- 3 |  4- 6 |  7- 9 || total
-------------------------+-------+-------+-------++-------
Melee: War axe           |    63 |   178 |   250 ||   491
       Headbutt          |     7 |    18 |    41 ||    66
  Use: Scroll            |       |     1 |       ||     1
       Potion            |       |       |     1 ||     1
 Stab: Paralysed         |       |       |    17 ||    17
Armor: Scale mail        |    18 |       |       ||    18
       Chain mail        |    21 |    76 |   156 ||   253
Dodge: Dodged            |    19 |    52 |    89 ||   160
Block: Buckler           |    20 |    24 |    64 ||   108

Table legend: (Time is in decaauts)
 A = Elapsed time spent in this place.
 B = Non-inter-level travel time spent in this place.
 C = Inter-level travel time spent in this place.
 D = Time resting spent in this place.
 E = Time spent auto-exploring this place.
 F = Levels seen in this place.
 G = Mean time per level.
                   A        B        C        D        E       F      G
               +--------+--------+--------+--------+--------+-----+--------+
         Total |   7905 |   7697 |    208 |   1188 |   5277 |   8 |  988.1 |
       Dungeon |   6735 |   6527 |    208 |   1188 |   4342 |   7 |  962.1 |
         Sewer |   1170 |   1170 |      0 |      0 |    935 |   1 | 1170.0 |
               +--------+--------+--------+--------+--------+-----+--------+

Top non-repeatable levels by time:
     D:5: 1803 daAuts
     D:3: 1197 daAuts
   Sewer: 1170 daAuts
     D:2: 1107 daAuts
     D:1: 1024 daAuts
     D:6: 950 daAuts
     D:4: 572 daAuts
     D:7: 79 daAuts
